 Dungeon Crawl Stone Soup version 0.31.0-11-ge490571c62 (webtiles) character file.

Game seed: 495081765701486490

702 Xavori the Slasher (level 7, 0/57 HPs)
             Began as a Djinni Chaos Knight on Jan 26, 2024.
             Was a Plaything of Xom.
             Slain by Menkaure (18 damage)
             ... on level 5 of the Dungeon.
             The game lasted 00:06:27 (18225 turns).

Xavori the Slasher (Djinni Chaos Knight)           Turns: 18225, Time: 00:06:28

Health: 0/57       AC:  5    Str:  7 (9)  XL:     7   Next: 98%
Gold:   121        EV: 12    Int: 19 (21) God:    Xom [*.....] SH:  5 Dex: 11 (13)

rFire   + + .        a - +0 falchion (venom)
rCold   . . .        (no shield)
rNeg    + + +        b - +2 leather armour
rPois   ∞            (no helmet)
rElec   +            (no cloak)
rCorr   .            (no gloves)
SInv    .            (boots unavailable)
Will    .....        r - amulet of Grace {Reflect rElec rN++ MP+9 SH+5}
Stlth   +            d - ring of positive energy
HPRegen 0.29/turn    n - ring of protection from cold
MPRegen 0.00/turn

%: reflection, infuse magic (-1 HP)
@: weak-willed, flying
A: sickness immunity, fire resistance 2, cold vulnerability 1, float, innate
caster, HP casting, extra vitality 1, clever 2, deterioration 2, robust 1
a: Renounce Religion


You were on level 5 of the Dungeon.
You worshipped Xom.
You were a special plaything of Xom.
You visited 1 branch of the dungeon, and saw 5 of its levels.
You also visited: Sewer.

You collected 196 gold pieces.
You spent 75 gold pieces at shops.

Inventory:

Hand Weapons
 a - a +0 falchion of venom (weapon)
Armour
 b - a +2 leather armour (worn)
Jewellery
 d - a ring of positive energy (left hand)
 n - a ring of protection from cold (right hand)
 r - the amulet of Grace (around neck) {Reflect rElec rN++ MP+9 SH+5}
   (You found it on level 3 of the Dungeon)

   [amulet of reflection]

   Reflect:   It reflects blocked missile attacks.
   rElec:     It insulates you from electricity.
   rN++:      It greatly protects you from negative energy.
   MP+9:      It affects your magic capacity (+9).
   SH+5:      It affects your SH (+5).
Wands
 q - a wand of roots (9)
Scrolls
 c - a scroll of butterflies
 f - 3 scrolls of vulnerability
 g - 2 scrolls of amnesia
 i - a scroll of noise
 j - 2 scrolls of brand weapon
 k - a scroll of enchant armour {unknown}
 l - a scroll of fear
 m - a scroll of summoning {unknown}
 p - a scroll of fog {unknown}
 u - 2 scrolls of teleportation
 x - a scroll of torment {unknown}
 y - 2 scrolls of identify {unknown}
Potions
 e - 3 potions of heal wounds
 h - 2 potions of degeneration {unknown}
 o - a potion of lignification {unknown}
 s - a potion of haste {unknown}
 t - a potion of curing
 v - 2 potions of enlightenment {unknown}
 w - a potion of mutation {unknown}


   Skills:
 + Level 4.1 Fighting
 + Level 5.1 Long Blades
 + Level 3.2 Armour
 + Level 3.6 Dodging
 + Level 0.6 Shields
 * Level 1.8 Spellcasting
 * Level 1.8 Conjurations
 * Level 1.8 Hexes
 * Level 1.8 Summonings
 * Level 1.8 Necromancy
 * Level 1.8 Translocations
 * Level 1.8 Fire Magic
 * Level 1.8 Ice Magic
 * Level 1.8 Air Magic
 * Level 1.8 Earth Magic
 * Level 1.8 Alchemy
 * Level 2.0 Evocations


You knew the following spells:

 Your Spells              Type           Power      Damage    Failure   Level
a - Kiss of Death         Conj/Necr      32%        2d7       12%         1
b - Jinxbite              Hex            16%        N/A       19%         2
c - Swiftness             Air            8%         N/A       34%         3
Your spell library was empty.

Dungeon Overview and Level Annotations

Branches:
Dungeon (5/15)             Temple (0/1) D:4           Sewer (visited)

Altars:
Ashenzari
Cheibriados
Makhleb
Nemelex Xobeh
Uskayaw
Xom
Zin

Shops:
D:4 *

Annotations:
D:5 Menkaure


Innate Abilities, Weirdness & Mutations

You are immune to sickness and miasma.
You are immune to poison.
Your flesh is very heat resistant. (rF++)
You are vulnerable to cold. (rC-)
You float through the air rather than walking.
You learn spells naturally, not from books.
Your magical power is your life essence.
You have superior vitality. (+4 MHP)
Your mind is very acute. (Int +8, Str/Dex -2)
Your body often deteriorates upon taking damage.
You are robust. (+10% HP)


Message History

Unknown command.
You hit Menkaure but do no damage.
It was a potion of curing.
You feel better. Menkaure hits you.
You barely miss Menkaure. Something hits you but does no damage.
The orc closely misses you. Menkaure completely misses you.
You hit Menkaure but do no damage. Something hits you but does no damage.
You block the orc's attack.
Menkaure casts a spell.
Menkaure seems to speed up.
You barely miss Menkaure.
You hear some strange, mumbled words.
Something tries to affect you, but you resist.
The orc barely misses you. Menkaure hits you!
Found a fizzy golden potion.
You hear some strange, mumbled words.
A puff of flame appears from out of thin air!
You block the puff of flame... and reflect it back!
The puff of flame hits something!
An orc comes into view. It is wielding a +0 short sword.
Menkaure points at you and mumbles some strange words.
You are unaffected.
Something hits you.
Xom decides to shift things around a little.
The orc blinks!
Found a stone staircase leading up.
There is a stone staircase leading down here.
Menkaure calls on the powers of darkness!
The orc wizard convulses!
Your body is wracked with pain!
The orc convulses!
You fly downwards.
Reactivating autopickup.
Found 13 gold pieces.
There is a stone staircase leading up here.
You hit Menkaure.
Menkaure is lightly damaged.
Xom's power touches on a nearby monster.
Menkaure suddenly seems more agile.
Menkaure hits you.
You closely miss Menkaure.
Menkaure is lightly damaged.
Menkaure barely misses you. Menkaure hits you!!
You die...
Xom guffaws!

#### ...# ...#
...####
..##.###..$...#
.......@M......
####.##########


You could see Menkaure (fast, agile).

Vanquished Creatures
  A bullfrog (Sewer)
  A hound (D:4)
  3 jellies (D:3)
  3 orc priests (D:4)
  An iguana (Sewer)
  2 orc wizards
  Natasha (thrice) (D:3)
  Robin (D:4)
  7 adders
  A river rat (D:4)
  7 dart slugs (Sewer)
  2 ribbon worms (D:2)
  10 orcs
  9 bats
  27 endoplasms
  11 giant cockroaches
  11 goblins
  10 hobgoblins
  4 jackals (D:3)
  12 quokkas
  16 ball pythons
  12 frilled lizards
  11 kobolds
  4 rats (D:1)
169 creatures vanquished.

Vanquished Creatures (collateral kills)
  2 goblins (D:4)
2 creatures vanquished.

Vanquished Creatures (others)
  A goblin zombie (D:4)
1 creature vanquished.

Grand Total: 172 creatures vanquished

Notes
Turn   | Place    | Note
-------+----------+-------------------------------------------
     0 | D:1      | Xavori the Djinni Chaos Knight began the quest for the Orb.
     0 | D:1      | Reached XP level 1. HP: 20/20 MP: 0/0
    79 | D:1      | Reached XP level 2. HP: 25/25 MP: 0/0
   188 | D:1      | Reached skill level 3 in Long Blades
   214 | D:1      | Reached XP level 3. HP: 28/30 MP: 0/0
   214 | D:1      | Learned a level 1 spell: Kiss of Death
   381 | D:1      | XOM: blink monster(s)
   499 | D:1      | XOM: noise
   667 | D:2      | XOM: noise
   668 | D:2      | XOM: summons friendly ufetubus
  1391 | D:1      | XOM: divination: detect creatures
  1640 | D:1      | XOM: divination: magic mapping
  2810 | D:1      | XOM: give mutation
  2810 | D:1      | Gained mutation: Your body sometimes deteriorates upon
                  | taking damage. [Xom's mischief]
  4576 | D:1      | XOM: give mutation
  4576 | D:1      | Gained mutation: You possess an exceptional clarity of
                  | mind. [Xom's mischief]
  5003 | D:1      | XOM: god gift: 5 stones
  5464 | D:1      | XOM: give mutations
  5464 | D:1      | Gained mutation: You passively dampen the noise of your
                  | surroundings. [Xom's grace]
  5464 | D:1      | Gained mutation: You have a pair of small horns on your
                  | head. [Xom's grace]
  5464 | D:1      | Gained mutation: You have hidden genetic potential. [Xom's
                  | grace]
  5516 | D:1      | XOM: scenery: summon butterflies
  5992 | D:1      | XOM: give mutation
  5992 | D:1      | Gained mutation: You have a pair of horns on your head.
                  | [Xom's grace]
  6046 | D:1      | XOM: scenery: summon butterflies
  6111 | D:2      | Reached XP level 4. HP: 33/35 MP: 0/0
  6207 | D:2      | XOM: chaos upgrade
  6430 | D:2      | Gained mutation: You are strong-willed. (Will+) [hidden
                  | potential]
  6510 | D:2      | XOM: divination: detect items
  6824 | D:3      | XOM: divination: detect creatures
  6838 | D:3      | XOM: divination: detect creatures
  6943 | D:3      | Noticed Natasha
  6948 | D:3      | Killed Natasha
  6949 | D:3      | Reached XP level 5. HP: 40/40 MP: 0/0
  6949 | D:3      | Learned a level 2 spell: Jinxbite
  6966 | D:3      | Noticed Natasha
  6966 | D:3      | XOM: 4-stop teleportation journey
  6971 | D:3      | Killed Natasha
  6972 | D:3      | Reached skill level 1 in Spellcasting
  6972 | D:3      | Reached skill level 1 in Conjurations
  6972 | D:3      | Reached skill level 1 in Hexes
  6972 | D:3      | Reached skill level 1 in Summonings
  6972 | D:3      | Reached skill level 1 in Necromancy
  6972 | D:3      | Reached skill level 1 in Translocations
  6972 | D:3      | Reached skill level 1 in Fire Magic
  6972 | D:3      | Reached skill level 1 in Ice Magic
  6972 | D:3      | Reached skill level 1 in Air Magic
  6972 | D:3      | Reached skill level 1 in Earth Magic
  6972 | D:3      | Reached skill level 1 in Alchemy
  6972 | D:3      | Gained mutation: You have great hidden genetic potential.
                  | [hidden potential]
  6972 | D:3      | Lost mutation: You have great hidden genetic potential.
                  | [hidden potential expressed]
  7034 | D:3      | Reached skill level 4 in Long Blades
  7049 | D:3      | Noticed Natasha
  7061 | D:3      | Killed Natasha
  7062 | D:3      | Reached XP level 6. HP: 19/47 MP: 0/0
  7255 | D:3      | Identified the amulet of Grace {Reflect rElec rN++ MP+9
                  | SH+5}
  7305 | D:3      | XOM: summons 3 hostile shadow creatures
  7320 | D:3      | Found a snail-covered altar of Cheibriados.
  7320 | D:3      | Found a sparkling altar of Nemelex Xobeh.
  7320 | D:3      | Found a burning altar of Makhleb.
  7320 | D:3      | Found a broken altar of Ashenzari.
  7320 | D:3      | Found a hide-covered altar of Uskayaw.
  7324 | D:3      | Gained mutation: You are resistant to electric shocks.
                  | (rElec) [hidden potential]
  7377 | D:3      | XOM: give mutations
  7377 | D:3      | Lost mutation: You have hidden genetic potential. [Xom's
                  | mischief]
  7377 | D:3      | Gained mutation: Armour fits poorly on your strangely
                  | shaped body. [Xom's mischief]
  7377 | D:3      | Gained mutation: You do not regenerate when monsters are
                  | visible. [Xom's mischief]
  7550 | D:3      | XOM: noise
  7778 | D:3      | Found a faded altar of an unknown god.
  7989 | D:1      | XOM: summons 1 hostile demon
  9051 | D:1      | XOM is BORED!
  9051 | D:1      | XOM: give mutations
  9051 | D:1      | Gained mutation: You occasionally lose the ability to read
                  | scrolls when taking damage. [Xom's mischief]
  9051 | D:1      | Lost mutation: You passively dampen the noise of your
                  | surroundings. [Xom's mischief]
  9051 | D:1      | Lost mutation: Your body sometimes deteriorates upon taking
                  | damage. [Xom's mischief]
  9051 | D:1      | Lost mutation: You have a pair of horns on your head.
                  | [Xom's mischief]
  9280 | D:1      | XOM: summons 4 hostile demons
  9346 | D:2      | XOM: give mutations
  9346 | D:2      | Lost mutation: You possess an exceptional clarity of mind.
                  | [Xom's mischief]
  9346 | D:2      | Gained mutation: You are clumsy. (Dex -2) [Xom's mischief]
  9452 | D:2      | XOM: torment (32/47 hp)
  9673 | D:1      | XOM: summons 4 hostile demons
  9871 | D:1      | XOM: stat loss: -1 Str (10/11)
 10458 | D:1      | XOM: give mutations
 10458 | D:1      | Lost mutation: You are clumsy. (Dex -2) [Xom's mischief]
 10503 | D:1      | XOM: silly message
 10666 | D:1      | XOM: stat loss: -1 Dex (13/15)
 10987 | D:1      | XOM is BORED!
 11048 | D:1      | XOM: noise
 11057 | D:1      | XOM: summons 4 hostile demons
 12899 | D:1      | XOM: give mutation
 12899 | D:1      | Lost mutation: You are strong-willed. (Will+) [Xom's
                  | mischief]
 13308 | D:1      | XOM: give mutations
 13308 | D:1      | Gained mutation: Your body sometimes deteriorates upon
                  | taking damage. [Xom's mischief]
 13308 | D:1      | Lost mutation: You do not regenerate when monsters are
                  | visible. [Xom's mischief]
 13308 | D:1      | Lost mutation: You have a pair of small horns on your head.
                  | [Xom's mischief]
 13308 | D:1      | Gained mutation: Your mind is acute. (Int +4, Str/Dex -1)
                  | [Xom's mischief]
 13512 | D:2      | XOM: give mutations
 13512 | D:2      | Gained mutation: You expend health (3 HP) to strengthen
                  | your wands. [Xom's mischief]
 13512 | D:2      | Gained mutation: Your mind is very acute. (Int +8, Str/Dex
                  | -2) [Xom's mischief]
 13512 | D:2      | Gained mutation: Your body often deteriorates upon taking
                  | damage. [Xom's mischief]
 13928 | D:1      | XOM: give mutations
 13928 | D:1      | Gained mutation: You are clumsy. (Dex -2) [Xom's mischief]
 13928 | D:1      | Lost mutation: You occasionally lose the ability to read
                  | scrolls when taking damage. [Xom's mischief]
 15248 | D:1      | XOM: god gift: glowing puce potion {god gift}
 15352 | D:1      | XOM: noise
 15864 | D:1      | XOM: give mutations
 15864 | D:1      | Gained mutation: You sometimes lose your temper in combat.
                  | [Xom's mischief]
 15864 | D:1      | Lost mutation: You are clumsy. (Dex -2) [Xom's mischief]
 15864 | D:1      | Lost mutation: You sometimes lose your temper in combat.
                  | [Xom's mischief]
 15864 | D:1      | Gained mutation: Your flesh is almost immune to the effects
                  | of heat. (rF+++) [Xom's mischief]
 16789 | D:1      | XOM is BORED!
 16789 | D:1      | XOM: give mutations
 16789 | D:1      | Gained mutation: You are robust. (+10% HP) [Xom's mischief]
 16789 | D:1      | Lost mutation: Your flesh is almost immune to the effects
                  | of heat. (rF+++) [Xom's mischief]
 16794 | D:1      | XOM: cloud trail
 16956 | D:1      | Glimpsed the power of Zot.
 16982 | D:4      | XOM: scenery: create altars
 16989 | D:4      | Reached XP level 7. HP: 32/56 MP: 0/0
 16989 | D:4      | Learned a level 3 spell: Swiftness
 16993 | D:4      | XOM: polymorph orc -> giant cockroach
 16994 | D:4      | Reached skill level 1 in Evocations
 17041 | D:4      | XOM: enchant monster (good)
 17066 | D:4      | Found a staircase to the Ecumenical Temple.
 17107 | D:4      | Found a glowing drain.
 17107 | D:4      | Found a glowing silver altar of Zin.
 17140 | D:4      | XOM: cloud trail
 17212 | D:4      | XOM: god gift: metallic dark potion {god gift}
 17229 | Sewer    | Entered a sewer
 17511 | Sewer    | XOM: 3-stop teleportation journey
 17722 | Sewer    | XOM: give mutations
 17722 | Sewer    | Lost mutation: You are resistant to electric shocks.
                  | (rElec) [Xom's mischief]
 17722 | Sewer    | Lost mutation: You expend health (3 HP) to strengthen your
                  | wands. [Xom's mischief]
 17722 | Sewer    | Lost mutation: Armour fits poorly on your strangely shaped
                  | body. [Xom's mischief]
 17811 | Sewer    | Reached skill level 5 in Long Blades
 17975 | D:4      | XOM: 2-stop teleportation journey
 18000 | D:4      | XOM: divination: detect creatures
 18053 | D:4      | Noticed Robin
 18081 | D:4      | XOM: summons friendly white imp
 18088 | D:4      | Killed Robin
 18195 | D:4      | Found Hiemibaoxinn's Assorted Antiques.
 18205 | D:4      | Bought a scroll labelled ULUJYIX BEONY for 25 gold pieces
 18205 | D:4      | Bought a scroll labelled UNOYFIVINUYJ for 25 gold pieces
 18205 | D:4      | Bought a scroll labelled UNOYFIVINUYJ for 25 gold pieces
 18210 | D:4      | Noticed Menkaure
 18220 | D:4      | XOM: blink monster(s)
 18223 | D:5      | Entered Level 5 of the Dungeon
 18224 | D:5      | XOM: enchant monster (bad)
 18225 | D:5      | Slain by Menkaure

Illustrated notes

Levels and vault maps discovered:
D:1:      dpeg_arrival_pond, layout_basic, minmay_crystal_water
D:2:      layout_loops_ring, minmay_tetromino_i4
D:3:      cheibrodos_fertilizer, layout_basic,
          dreamdust_ecumenical_altar_hidden_monk_grotto, uniq_natasha
D:4:      layout_loops_ring, mainiacjoe_overflow_chevrons, marbit_many_paths,
          gammafunk_temple_overflow_claw, minmay_temple_entry_wispy,
          serial_shops, nicolae_shop_tiny_real_fake_doors, nicolae_shop_crystal,
          portal_sewer_entry_a, uniq_menkaure, uniq_blork_the_orc, uniq_robin,
          uniq_eustachio
D:5:      layout_rooms, led_xom_imps, minmay_hollow_rounded_squares

Skill      XL: |  1  2  3  4  5  6  7 |
---------------+----------------------+-----
Long Blades    | 3 4 5 |  5.1
Armour         | 2 3 |  3.2
Spellcasting   | 1 |  1.8
Conjurations   | 1 |  1.8
Hexes          | 1 |  1.8
Summonings     | 1 |  1.8
Necromancy     | 1 |  1.8
Translocations | 1 |  1.8
Fire Magic     | 1 |  1.8
Ice Magic      | 1 |  1.8
Air Magic      | 1 |  1.8
Earth Magic    | 1 |  1.8
Alchemy        | 1 |  1.8
Dodging        | 3 |  3.6
Evocations     | 2 |  2.0
Fighting       | 4 |  4.1
Shields        | |  0.6

Action                     |  1- 3 |  4- 6 |  7- 9 || total
---------------------------+-------+-------+-------++-------
  Melee: Falchion          |    96 |   158 |   234 ||   488
         Headbutt          |     1 |    30 |       ||    31
         Punch             |     1 |     2 |     4 ||     7
  Evoke: Wand              |       |       |     1 ||     1
    Use: Potion            |       |     2 |     2 ||     4
         Scroll            |       |       |     6 ||     6
   Stab: Sleeping          |     1 |     2 |       ||     3
         Petrified         |     1 |       |       ||     1
         Distracted        |       |     1 |       ||     1
         Paralysed         |       |       |     7 ||     7
         Confused          |       |       |     2 ||     2
         Petrifying        |       |       |     1 ||     1
 Armour: Leather armour    |    74 |    98 |   144 ||   316
  Dodge: Dodged            |    83 |    99 |   151 ||   333
  Block: Other             |       |    11 |    51 ||    62
         Reflection        |       |       |     3 ||     3
